 Dungeon Crawl Stone Soup version 0.23.0-41-g86b089e62c (webtiles) character file.

Game seed: 0

88 1994 the Grave Robber (level 4, -2/24 HPs)
             Began as a Deep Elf Necromancer on Feb 28, 2019.
             Killed from afar by Sigmund (4 damage)
             ... with a puff of flame
             ... on level 3 of the Dungeon.
             The game lasted 00:09:06 (2792 turns).

1994 the Grave Robber (Deep Elf Necromancer)        Turns: 2792, Time: 00:09:06

Health: -2/24      AC:  2    Str:  5    XL:     4   Next: 30%
Magic:  2/12       EV: 13    Int: 21    God:
Gold:   132        SH:  0    Dex: 15    Spells: 3/11 levels left

rFire    . . .     SeeInvis +   m - +0 whip (venom)
rCold    . . .     Gourm    .   (no shield)
rNeg     . . .     Faith    .   a - +0 robe
rPois    .         Spirit   .   (no helmet)
rElec    .         Reflect  .   (no cloak)
rCorr    .         Harm     .   (no gloves)
MR       .....                  (no boots)
Stlth    ++........             (no amulet)
HPRegen  0.08/turn              k - ring of see invisible
MPRegen  0.13/turn              (no ring)

@: no status effects
A: no striking features
a: no special abilities


You were on level 3 of the Dungeon.
You were hungry.

You visited 1 branch of the dungeon, and saw 3 of its levels.

You collected 132 gold pieces.

Inventory:

Hand Weapons
 m - a +0 whip of venom (weapon)
Armour
 a - a +0 robe (worn)
 h - a +2 buckler
Jewellery
 k - a ring of see invisible (left hand)
Scrolls
 b - a scroll of amnesia {unknown}
 e - 4 scrolls of enchant armour {unknown}
 f - a scroll of remove curse {unknown}
 g - a scroll of noise {unknown}
 i - a scroll of random uselessness {unknown}
 l - 2 scrolls of identify {unknown}
 o - a scroll of enchant weapon {unknown}
Potions
 d - 5 potions of might {unknown}
 j - a potion of curing
Comestibles
 c - 8 rations
 n - 2 chunks of flesh


   Skills:
 + Level 3.2 Dodging
 - Level 2.4 Stealth
 * Level 4.4 Spellcasting
 + Level 1.2 Charms
 * Level 5.7 Necromancy


You had 3 spell levels left.
You knew the following spells:

 Your Spells              Type           Power        Failure   Level  Hunger
a - Pain                  Necr           ####         1%          1    None
b - Animate Skeleton      Necr           N/A          1%          1    None
c - Vampiric Draining     Necr           ####......   3%          3    ##.....
d - Regeneration          Chrm/Necr      ###.......   9%          3    ##.....

Your spell library contained the following spells:

 Spells                   Type           Power        Failure   Level  Hunger
 Animate Dead             Necr           N/A          11%         4    ####...


Dungeon Overview and Level Annotations

Branches:
Dungeon (3/15)

Altars:
Makhleb
The Shining One

Annotations:
D:3 Sigmund


Message History

You are confused.
You hit Sigmund.
Sigmund is moderately wounded.
Sigmund closely misses you.
You bump into the rock wall.
Sigmund points at you and mumbles some strange words.
You resist with some effort.
You're too confused to move!
Sigmund barely misses you.
You hit Sigmund.
Sigmund is poisoned.
Sigmund is moderately wounded.
Sigmund misses you.
You feel less confused.
You hit Sigmund but do no damage.
Sigmund looks even sicker.
Sigmund is moderately wounded.
Sigmund hits you with a +0 scythe!
Ouch! That really hurt!
* * * LOW HITPOINT WARNING * * *
Sigmund casts a spell at you. The puff of flame hits you.
You die...

#.......# #...#...
#....@.. #...####
#...... #...# # ##.....
#...# # #....† #...# #
#....############...#
#...............#...#
#.(..@..........#...####
#......@................
#..[#...........########
#...#...........#
#...#.........÷.#
#...#...........# ###
#...#...........# #..
#...#...........# #..
#...#...........# #..
#...........# ###


You could see Sigmund.

Vanquished Creatures
  2 adders (D:3)
  A worm (D:3)
  2 dart slugs (D:1)
  3 leopard geckos
  4 orcs (D:3)
  A ball python (D:3)
  9 bats
  5 giant cockroaches
  3 goblins
  6 hobgoblins
  A quokka (D:2)
  A frilled lizard (D:1)
  7 kobolds
  9 rats
54 creatures vanquished.

Notes
Turn   | Place    | Note
-------+----------+-------------------------------------------
     0 | D:1      | 1994 the Deep Elf Necromancer began the quest for the Orb.
     0 | D:1      | Reached XP level 1. HP: 10/10 MP: 6/6
   202 | D:1      | Learned a level 1 spell: Animate Skeleton
   237 | D:1      | Reached skill level 5 in Necromancy
   340 | D:1      | Reached XP level 2. HP: 15/15 MP: 6/8
   948 | D:1      | Reached XP level 3. HP: 17/19 MP: 6/10
  1139 | D:1      | Learned a level 3 spell: Vampiric Draining
  1143 | D:1      | Learned a level 3 spell: Regeneration
  1796 | D:2      | Found a glowing golden altar of the Shining One.
  1920 | D:2      | Found a faded altar of an unknown god.
  1978 | D:2      | Found a burning altar of Makhleb.
  2542 | D:3      | Reached XP level 4. HP: 22/24 MP: 8/12
  2556 | D:3      | Reached skill level 1 in Charms
  2754 | D:3      | Noticed Sigmund
  2792 | D:3      | Killed from afar by Sigmund

Skill      XL: |  1  2  3  4 |
---------------+-------------+-----
Necromancy     | 5 |  5.7
Dodging        | 3 |  3.2
Spellcasting   | 4 |  4.4
Charms         | 1 |  1.2
Stealth        | |  2.4

Action                   |  1- 3 |  4- 6 || total
-------------------------+-------+-------++-------
Melee: Unarmed           |     1 |       ||     1
       Whip              |       |    13 ||    13
 Cast: Pain              |    73 |    23 ||    96
       Animate Skeleton  |     1 |       ||     1
       Vampiric Draining |       |     2 ||     2
  Eat: Chunk             |     5 |       ||     5
Armor: Robe              |       |     1 ||     1
Dodge: Dodged            |     4 |    13 ||    17
